[ AOE2 MATCH · #495871993 ]
UnrankedJurchens vs Japanese
Player's team · WIN
Rival team · LOSS
[ REPLAY ANALYSIS · EXTRACTED FROM THE RECORDED GAME ]
Feudal
12:10
Castle
15:53
Imperial
—
| APM avg | 63.0 |
| APM peak | 99 |
| eAPM avg | 28.8 |
| Villagers / military | 79 / 66 |
Focus
⚔️ 43.5% · 🌾 56.5%
Fire Lancer ×54 · Fishing Ship ×10 · Iron Pagoda ×8 · Scorpion ×3 · Spearman ×1
Feudal
11:00
Castle
17:20
Imperial
—
| APM avg | 72.2 |
| APM peak | 110 |
| eAPM avg | 28.7 |
| Villagers / military | 67 / 15 |
Focus
⚔️ 23.3% · 🌾 76.7%
Fishing Ship ×13 · Cavalry Archer ×7 · Mangonel ×6 · Galley ×1 · Unknown (2626) ×1 · Demolition Raft ×1
Match map
Initial resources + every placement click. Lines = walls · curves = elevation contours. ◆ gold · ⬟ stone · ● berries · ✦ relic · ◌ wall gap
Your base· Open — opponent sealed themselves in
killua's base· ✓ Closed at 17:20 · 33t walls · no gate
Smoothed initial terrain · ◌ = detected wall gap · hover for details
Inputs per minute
— Arsenic - - killua
Build order — Arsenic
First 150 of 241 actions detected
| 0:00 | Queue | Villager (Male) |
| 0:00 | Queue | Villager (Male) |
| 0:01 | Build | House |
| 0:02 | Build | House |
| 0:12 | Queue | Villager (Male) |
| 0:12 | Queue | Villager (Male) |
| 0:12 | Queue | Villager (Male) |
| 1:26 | Build | Lumber Camp |
| 1:29 | Queue | Villager (Male) |
| 1:29 | Queue | Villager (Male) |
| 1:38 | Queue | Villager (Male) |
| 1:38 | Queue | Villager (Male) |
| 2:25 | Queue | Villager (Male) |
| 2:25 | Queue | Villager (Male) |
| 2:54 | Queue | Villager (Male) |
| 2:54 | Queue | Villager (Male) |
| 3:16 | Queue | Villager (Male) |
| 3:16 | Queue | Villager (Male) |
| 3:16 | Queue | Villager (Male) |
| 3:30 | Build | House |
| 3:40 | Queue | Villager (Male) |
| 3:41 | Queue | Villager (Male) |
| 4:01 | Queue | Villager (Male) |
| 4:01 | Queue | Villager (Male) |
| 4:16 | Build | Dock |
| 4:23 | Queue | Villager (Male) |
| 4:23 | Queue | Villager (Male) |
| 4:47 | Queue | Villager (Male) |
| 4:47 | Queue | Villager (Male) |
| 5:22 | Queue | Villager (Male) |
| 5:22 | Queue | Villager (Male) |
| 5:23 | Queue | Villager (Male) |
| 5:46 | Queue | Villager (Male) |
| 5:46 | Queue | Villager (Male) |
| 5:47 | Queue | Villager (Male) |
| 5:54 | Build | House |
| 5:55 | Build | House |
| 5:56 | Build | Palisade Wall |
| 6:04 | Queue | Villager (Male) |
| 6:04 | Queue | Villager (Male) |
| 6:13 | Build | Dock |
| 6:25 | Queue | Fishing Ship |
| 6:36 | Queue | Villager (Male) |
| 6:36 | Queue | Villager (Male) |
| 6:36 | Queue | Villager (Male) |
| 6:51 | Queue | Fishing Ship |
| 7:00 | Build | House |
| 7:04 | Queue | Villager (Male) |
| 7:04 | Queue | Villager (Male) |
| 7:06 | Queue | Fishing Ship |
| 7:07 | Queue | Fishing Ship |
| 7:21 | Queue | Villager (Male) |
| 7:21 | Queue | Villager (Male) |
| 7:28 | Queue | Fishing Ship |
| 7:33 | Build | House |
| 7:40 | Build | Palisade Wall |
| 7:41 | Build | Palisade Wall |
| 7:43 | Queue | Villager (Male) |
| 7:43 | Queue | Villager (Male) |
| 8:07 | Queue | Villager (Male) |
| 8:10 | Queue | Fishing Ship |
| 8:10 | Queue | Fishing Ship |
| 8:38 | Build | House |
| 8:42 | Build | Mill |
| 8:44 | Queue | Villager (Male) |
| 8:52 | Queue | Fishing Ship |
| 9:18 | Research | Loom |
| 9:27 | Queue | Fishing Ship |
| 9:36 | Build | House |
| 9:53 | Research | Feudal Age |
| 9:53 | Research | Feudal Age |
| 9:53 | Research | Feudal Age |
| 10:03 | Build | Palisade Wall |
| 10:04 | Build | Palisade Wall |
| 10:05 | Build | Palisade Wall |
| 10:09 | Queue | Fishing Ship |
| 10:21 | Build | Mining Camp |
| 10:41 | Queue | Villager (Male) |
| 10:41 | Queue | Villager (Male) |
| 10:50 | Build | Palisade Wall |
| 10:50 | Build | Palisade Wall |
| 10:51 | Build | Palisade Wall |
| 10:54 | Build | Palisade Wall |
| 10:54 | Build | Palisade Wall |
| 12:06 | Build | Palisade Wall |
| 12:10 | Age | Feudal Age |
| 12:17 | Build | Palisade Wall |
| 12:18 | Build | Palisade Wall |
| 12:23 | Build | Market |
| 12:26 | Build | Blacksmith |
| 12:41 | Queue | Villager (Male) |
| 12:55 | Build | Barracks |
| 13:13 | Research | Castle Age |
| 13:14 | Research | Castle Age |
| 13:27 | Build | Palisade Wall |
| 13:28 | Build | Palisade Wall |
| 13:28 | Build | Palisade Wall |
| 13:33 | Build | Barracks |
| 13:39 | Research | Double-Bit Axe |
| 13:41 | Research | Scale Mail Armor |
| 14:03 | Queue | Villager (Male) |
| 14:08 | Research | Gold Mining |
| 14:25 | Research | Forging |
| 14:51 | Build | House |
| 14:52 | Build | House |
| 15:12 | Build | Lumber Camp |
| 15:19 | Queue | Spearman |
| 15:28 | Build | Palisade Wall |
| 15:29 | Build | Palisade Wall |
| 15:53 | Age | Castle Age |
| 15:54 | Queue | Fire Lancer |
| 15:55 | Queue | Fire Lancer |
| 16:02 | Build | Siege Workshop |
| 16:05 | Research | Chain Mail Armor |
| 16:07 | Research | Squires |
| 16:08 | Queue | Villager (Male) |
| 16:08 | Queue | Fire Lancer |
| 16:09 | Queue | Fire Lancer |
| 16:15 | Research | Bow Saw |
| 16:17 | Queue | Fire Lancer |
| 16:37 | Queue | Villager (Male) |
| 16:51 | Queue | Villager (Male) |
| 16:52 | Queue | Fire Lancer |
| 17:01 | Queue | Scorpion |
| 17:02 | Build | House |
| 17:09 | Queue | Fire Lancer |
| 17:09 | Queue | Fire Lancer |
| 17:10 | Queue | Villager (Male) |
| 17:24 | Queue | Scorpion |
| 17:26 | Queue | Fire Lancer |
| 17:43 | Build | House |
| 17:49 | Queue | Villager (Male) |
| 17:49 | Queue | Fire Lancer |
| 17:50 | Queue | Fire Lancer |
| 18:00 | Research | Arson |
| 18:15 | Queue | Villager (Male) |
| 18:16 | Queue | Fire Lancer |
| 18:21 | Build | House |
| 18:36 | Queue | Villager (Male) |
| 18:42 | Queue | Scorpion |
| 18:45 | Queue | Fire Lancer |
| 18:45 | Queue | Fire Lancer |
| 18:52 | Queue | Villager (Male) |
| 19:02 | Build | House |
| 19:07 | Build | House |
| 19:08 | Build | House |
| 19:10 | Queue | Villager (Male) |
| 19:11 | Build | Mining Camp |
| 19:12 | Queue | Fire Lancer |
| 19:21 | Queue | Fire Lancer |
Build order — killua
First 150 of 157 actions detected
| 0:01 | Queue | Villager (Male) |
| 0:01 | Queue | Villager (Male) |
| 0:02 | Build | House |
| 0:03 | Build | House |
| 0:04 | Queue | Villager (Male) |
| 0:04 | Queue | Villager (Male) |
| 1:10 | Queue | Villager (Male) |
| 1:43 | Build | Lumber Camp |
| 2:04 | Queue | Villager (Male) |
| 2:04 | Queue | Villager (Male) |
| 2:16 | Queue | Villager (Male) |
| 2:49 | Queue | Villager (Male) |
| 3:16 | Queue | Villager (Male) |
| 3:25 | Build | House |
| 3:29 | Queue | Villager (Male) |
| 3:58 | Build | Dock |
| 4:00 | Build | Palisade Wall |
| 4:04 | Queue | Villager (Male) |
| 4:29 | Queue | Villager (Male) |
| 4:29 | Queue | Villager (Male) |
| 4:50 | Queue | Fishing Ship |
| 5:05 | Queue | Villager (Male) |
| 5:06 | Queue | Villager (Male) |
| 5:06 | Queue | Villager (Male) |
| 5:14 | Queue | Villager (Male) |
| 5:19 | Queue | Fishing Ship |
| 5:26 | Queue | Villager (Male) |
| 5:33 | Build | House |
| 5:47 | Queue | Villager (Male) |
| 5:56 | Queue | Fishing Ship |
| 6:06 | Build | House |
| 6:24 | Queue | Villager (Male) |
| 6:35 | Queue | Fishing Ship |
| 6:55 | Queue | Fishing Ship |
| 7:07 | Build | House |
| 7:30 | Queue | Villager (Male) |
| 7:56 | Queue | Villager (Male) |
| 7:57 | Research | Loom |
| 8:19 | Build | House |
| 8:20 | Queue | Fishing Ship |
| 8:39 | Research | Feudal Age |
| 8:58 | Build | Barracks |
| 9:04 | Queue | Fishing Ship |
| 9:25 | Build | Mining Camp |
| 9:55 | Build | House |
| 10:26 | Build | House |
| 10:55 | Queue | Villager (Male) |
| 11:00 | Age | Feudal Age |
| 11:07 | Build | Archery Range |
| 11:08 | Queue | Villager (Male) |
| 11:12 | Research | Double-Bit Axe |
| 11:42 | Build | Blacksmith |
| 11:43 | Queue | Villager (Male) |
| 11:55 | Build | Palisade Wall |
| 12:09 | Research | Tech 906 |
| 12:26 | Queue | Villager (Male) |
| 12:32 | Build | Palisade Wall |
| 12:49 | Build | House |
| 13:11 | Queue | Villager (Male) |
| 13:18 | Queue | Fishing Ship |
| 13:25 | Build | Dock |
| 13:30 | Queue | Villager (Male) |
| 13:37 | Build | Dock |
| 13:41 | Build | Mill |
| 13:46 | Build | House |
| 13:46 | Build | House |
| 14:03 | Queue | Demolition Raft |
| 14:05 | Queue | Villager (Male) |
| 14:13 | Queue | Fishing Ship |
| 14:16 | Build | House |
| 14:40 | Research | Castle Age |
| 14:40 | Research | Castle Age |
| 14:51 | Queue | Galley |
| 15:00 | Build | House |
| 15:02 | Build | Palisade Wall |
| 15:08 | Build | House |
| 15:21 | Build | Dock |
| 15:29 | Build | House |
| 15:34 | Build | Palisade Wall |
| 15:42 | Queue | Villager (Male) |
| 15:52 | Queue | Fishing Ship |
| 16:04 | Queue | Fishing Ship |
| 16:07 | Build | Palisade Wall |
| 16:07 | Build | Palisade Wall |
| 16:08 | Build | Palisade Wall |
| 16:18 | Build | House |
| 16:18 | Build | House |
| 16:19 | Build | House |
| 16:39 | Queue | Fishing Ship |
| 16:42 | Queue | Fishing Ship |
| 17:04 | Build | Archery Range |
| 17:20 | Age | Castle Age |
| 17:28 | Queue | Unit 2626 |
| 17:31 | Queue | Villager (Male) |
| 17:43 | Queue | Cavalry Archer |
| 18:00 | Build | Stone Wall |
| 18:15 | Build | Stone Wall |
| 18:18 | Build | Stone Wall |
| 18:19 | Build | Stone Wall |
| 18:23 | Queue | Villager (Male) |
| 18:34 | Build | Town Center |
| 18:45 | Queue | Villager (Male) |
| 18:49 | Build | Stone Wall |
| 18:56 | Queue | Villager (Male) |
| 18:57 | Queue | Villager (Male) |
| 19:09 | Build | Stone Wall |
| 19:24 | Queue | Villager (Male) |
| 19:24 | Queue | Villager (Male) |
| 19:24 | Queue | Villager (Male) |
| 19:25 | Queue | Villager (Male) |
| 19:45 | Queue | Villager (Male) |
| 19:54 | Build | Siege Workshop |
| 19:59 | Queue | Villager (Male) |
| 20:01 | Queue | Villager (Male) |
| 20:28 | Queue | Mangonel |
| 20:30 | Queue | Villager (Male) |
| 20:32 | Queue | Villager (Male) |
| 20:40 | Research | Fletching |
| 20:46 | Queue | Cavalry Archer |
| 20:46 | Queue | Cavalry Archer |
| 20:47 | Queue | Cavalry Archer |
| 20:48 | Queue | Cavalry Archer |
| 20:57 | Queue | Villager (Male) |
| 21:06 | Build | Market |
| 21:23 | Queue | Villager (Male) |
| 21:43 | Queue | Mangonel |
| 22:13 | Queue | Villager (Male) |
| 22:17 | Queue | Villager (Male) |
| 22:20 | Queue | Cavalry Archer |
| 22:20 | Queue | Cavalry Archer |
| 22:29 | Queue | Mangonel |
| 23:31 | Research | Bodkin Arrow |
| 23:32 | Queue | Villager (Male) |
| 24:00 | Queue | Mangonel |
| 24:03 | Queue | Villager (Male) |
| 24:04 | Queue | Villager (Male) |
| 24:04 | Queue | Villager (Male) |
| 24:08 | Build | Mining Camp |
| 24:15 | Queue | Villager (Male) |
| 24:15 | Queue | Villager (Male) |
| 24:26 | Build | House |
| 24:29 | Build | Mining Camp |
| 24:46 | Queue | Villager (Male) |
| 24:47 | Queue | Villager (Male) |
| 25:17 | Queue | Villager (Male) |
| 25:18 | Queue | Villager (Male) |
| 25:18 | Queue | Villager (Male) |
| 25:35 | Queue | Villager (Male) |
| 25:53 | Queue | Mangonel |
| 26:05 | Build | Watch Tower |
Match timeline
| 3:58 | killua · first_building Dock |
| 4:00 | killua · wall_segment Palisade Wall x1 |
| 4:16 | Arsenic · first_building Dock |
| 5:56 | Arsenic · wall_segment Palisade Wall x1 |
| 7:40 | Arsenic · wall_segment Palisade Wall x1 |
| 7:41 | Arsenic · wall_segment Palisade Wall x10 |
| 8:58 | killua · first_building Barracks |
| 10:03 | Arsenic · wall_segment Palisade Wall x1 |
| 10:04 | Arsenic · wall_segment Palisade Wall x1 |
| 10:05 | Arsenic · wall_segment Palisade Wall x1 |
| 10:50 | Arsenic · wall_segment Palisade Wall x1 |
| 10:50 | Arsenic · wall_segment Palisade Wall x1 |
| 10:51 | Arsenic · wall_segment Palisade Wall x1 |
| 10:54 | Arsenic · wall_segment Palisade Wall x1 |
| 10:54 | Arsenic · wall_segment Palisade Wall x1 |
| 11:00 | killua · age_up feudal |
| 11:07 | killua · first_building Archery Range |
| 11:55 | killua · wall_segment Palisade Wall x15 |
| 12:06 | Arsenic · wall_segment Palisade Wall x1 |
| 12:10 | Arsenic · age_up feudal |
| 12:17 | Arsenic · wall_segment Palisade Wall x1 |
| 12:18 | Arsenic · wall_segment Palisade Wall x1 |
| 12:32 | killua · wall_segment Palisade Wall x5 |
| 12:55 | Arsenic · first_building Barracks |
| 13:12 | Arsenic · first_market_sell 100 food |
| 13:27 | Arsenic · wall_segment Palisade Wall x1 |
| 13:28 | Arsenic · wall_segment Palisade Wall x1 |
| 13:28 | Arsenic · wall_segment Palisade Wall x1 |
| 15:02 | killua · wall_segment Palisade Wall x8 |
| 15:28 | Arsenic · wall_segment Palisade Wall x1 |
| 15:29 | Arsenic · wall_segment Palisade Wall x1 |
| 15:34 | killua · wall_segment Palisade Wall x1 |
| 15:53 | Arsenic · age_up castle |
| 16:02 | Arsenic · first_building Siege Workshop |
| 16:07 | killua · wall_segment Palisade Wall x1 |
| 16:07 | killua · wall_segment Palisade Wall x1 |
| 16:08 | killua · wall_segment Palisade Wall x1 |
| 16:14 | Arsenic · first_market_buy 100 wood |
| 17:20 | killua · age_up castle |
| 18:00 | killua · wall_segment Stone Wall x4 |
| 18:15 | killua · wall_segment Stone Wall x4 |
| 18:18 | killua · wall_segment Stone Wall x3 |
| 18:19 | killua · wall_segment Stone Wall x1 |
| 18:49 | killua · wall_segment Stone Wall x2 |
| 19:09 | killua · wall_segment Stone Wall x10 |
| 19:54 | killua · first_building Siege Workshop |
| 21:41 | killua · first_market_sell 100 food |
| 28:19 | killua · resign |
[ AI ANALYSIS · 1 CREDIT ]
What really happened in this match?
Wolo.gg analyzes every decision: build order, eco, micro, common mistakes by bracket. Personalized analysis on WhatsApp or Discord in 30 seconds.
Civ guide
Jurchens
Perfil
Pathing